 Dungeon Crawl Stone Soup version 0.32-a0-913-g739538afd8 (webtiles) character file.

Game seed: 18289497273311642032

28 zazu2006 the Magician (level 3, -5/31 HPs)
             Began as a Gnoll Wanderer on Apr 9, 2024.
             Slain by an orc priest
             ... wielding a +0 war axe
              (7 damage)
             ... on level 2 of the Dungeon.
             The game lasted 00:01:50 (1175 turns).

zazu2006 the Magician (Gnoll Wanderer)              Turns: 1175, Time: 00:01:50

Health: -5/31      AC:  2    Str:  6 (9)  XL:     3   Next: 14%
Magic:  8/9        EV:  9    Int: 17 (19) God:
Gold:   77         SH:  4    Dex: 11 (13) Spells: 12/12 levels left

rFire   . . .        a - +2 hand axe
rCold   . . .        b - +0 buckler
rNeg    . . .        d - +0 robe
rPois   .            (no helmet)
rElec   .            (no cloak)
rCorr   .            (no gloves)
SInv    .            (no boots)
Will    ++...        (no amulet)
Stlth   +            h - +6 ring of intelligence
HPRegen 0.25/turn    (no ring)
MPRegen 0.11/turn

%: no passive effects
@: no status effects
A: fangs 1, strong nose, distributed training, strong-willed 2
a: Convert to Beogh


You were on level 2 of the Dungeon.
You visited 1 branch of the dungeon, and saw 2 of its levels.

You collected 77 gold pieces.

Inventory:

Hand Weapons
 a - a +2 hand axe (weapon)
Missiles
 f - 2 poisoned darts (quivered)
Armour
 b - a +0 buckler (worn)
 d - a +0 robe (worn)
Jewellery
 h - a +6 ring of intelligence (left hand)
Scrolls
 c - 4 scrolls of teleportation
 g - a scroll of poison {unknown}
 i - a scroll of revelation {unknown}
 j - a scroll of torment {unknown}
 m - a scroll of immolation {unknown}
 n - a scroll of enchant weapon {unknown}


   Skills:
 + Level 4.5 Fighting
 + Level 0.7 Short Blades
 + Level 0.7 Long Blades
 + Level 4.5 Axes
 + Level 0.7 Maces & Flails
 + Level 0.7 Polearms
 + Level 0.7 Staves
 + Level 0.7 Ranged Weapons
 + Level 0.7 Throwing
 + Level 2.6 Armour
 + Level 0.7 Dodging
 + Level 0.7 Stealth
 + Level 2.6 Shields
 + Level 0.7 Unarmed Combat
 + Level 5.0 Spellcasting
 + Level 0.5 Conjurations
 + Level 0.5 Hexes
 + Level 0.5 Summonings
 + Level 0.5 Necromancy
 + Level 0.5 Translocations
 + Level 0.5 Fire Magic
 + Level 0.5 Ice Magic
 + Level 2.1 Air Magic
 + Level 0.5 Earth Magic
 + Level 0.5 Alchemy
 + Level 0.9 Invocations
 + Level 2.6 Evocations
 + Level 0.6 Shapeshifting


You had 12 spell levels left.
You didn't know any spells.
Your spell library contained the following spells:

 Spells                   Type           Power      Damage    Failure   Level
 Static Discharge         Conj/Air       16%        3-4/arc   22%         2
 Cigotuvi's Dreadful Rot  Necr/Alch/Air  14%        N/A       24%         2


Dungeon Overview and Level Annotations

Branches:
Dungeon (2/15)

Altars:


Innate Abilities, Weirdness & Mutations

You have very sharp teeth.
Your uncanny sense of smell can sniff out nearby items.
Your experience applies equally to all skills.
You are highly strong-willed. (Will++)


Message History

Items here: )))) †††.
Throw: 4 darts (poison)
Press: ? - help, Q - select action Shift-Dir - straight line, f - orc priest
Aim: an orc priest, wielding a +0 war axe (56% to hit)
You throw a poisoned dart.
The poisoned dart barely misses the orc priest.
The poisoned dart completely misses the endoplasm.
The orc priest hits you with a +0 war axe!
The orc priest shouts, "The Pantheon deserves no one's loyalty.
Let us show you the true path!" (press Y on the ability menu to convert to Beogh) Throw: 3 darts (poison)
Press: ? - help, Q - select action Shift-Dir - straight line, f/p - orc priest
Aim: an orc priest, wielding a +0 war axe (56% to hit)
You throw a poisoned dart. The poisoned dart hits the orc priest.
The orc priest is poisoned.
The orc priest hits you with a +0 war axe!
* * * LOW HITPOINT WARNING * * *
You barely miss the orc priest.
The orc priest is lightly wounded.
The orc priest hits you with a +0 war axe.
* * * LOW HITPOINT WARNING * * *
It was a potion of degeneration.
There was something very wrong with that liquid.
You feel weakened.
You feel dopey.
You feel clumsy. You block the orc priest's attack.
It was a potion of curing.
You feel better.
The orc priest invokes the aid of Beogh against you.
Pain shoots through your body!
* * * LOW HITPOINT WARNING * * *
Unknown command.
It was a potion of mutation.
You feel extremely strange.
You feel strong-willed.
You feel more strong-willed. The orc priest misses you.
You hit the orc priest. Your bite misses the orc priest.
The orc priest is heavily wounded.
The orc priest barely misses you.
You hit the orc priest.
The orc priest is severely wounded.
The orc priest hits you with a +0 war axe!
You die...

#o #o# #.# #.#
#######.# ........#
........#########
..(....Jo@......#
##########'#########
#..............#
#..............#
+..............# ∆
#.......>......# #
#..............# #
#..............# #
##..............#


You could see an orc priest (poisoned) and an endoplasm.

Vanquished Creatures
  A dart slug (D:1)
  4 orcs (D:2)
  2 ball pythons
  2 endoplasms (D:1)
  A goblin (D:2)
  4 jackals (D:1)
  2 bats (D:1)
  3 frilled lizards
  3 rats
22 creatures vanquished.

Notes
Turn   | Place    | Note
-------+----------+-------------------------------------------
     0 | D:1      | zazu2006 the Gnoll Wanderer began the quest for the Orb.
     0 | D:1      | zazu2006 set off with the following items: a +2 hand axe, a
                  | +0 buckler, a scroll of teleportation, a +0 robe; and the
                  | following spells available to memorise: Static Discharge,
                  | Cigotuvi's Dreadful Rot.
     0 | D:1      | Reached XP level 1. HP: 20/20 MP: 6/6
   205 | D:1      | Found a faded altar of an unknown god.
   255 | D:1      | Reached XP level 2. HP: 18/26 MP: 7/7
  1038 | D:2      | Found Keyluesh's Antique Weapon Emporium.
  1160 | D:2      | Reached skill level 5 in Spellcasting
  1160 | D:2      | Reached XP level 3. HP: 30/31 MP: 7/9
  1170 | D:2      | HP: 1/31 [orc priest/+0 war axe (5)]
  1173 | D:2      | Gained mutation: You are strong-willed. (Will+) [potion of
                  | mutation]
  1173 | D:2      | Gained mutation: You are highly strong-willed. (Will++)
                  | [potion of mutation]
  1175 | D:2      | Slain by an orc priest

Illustrated notes

Levels and vault maps discovered:
D:1:      sevenhm_arrival_forest_fort_large_4, layout_basic,
          shapermc_ecumenical_altar_venn, minmay_parallelograms
D:2:      layout_basic, serial_shops, nicolae_shop_trees, eino_curves_03,
          kennysheep_generic_room_10, uniq_jessica

Skill      XL: |  1  2 |
---------------+-------+-----
Air Magic      | 2 |  2.1
Spellcasting   | 5 |  5.0
Fighting       | |  4.5
Short Blades   | |  0.7
Long Blades    | |  0.7
Axes           | |  4.5
Maces & Flails | |  0.7
Polearms       | |  0.7
Staves         | |  0.7
Ranged Weapons | |  0.7
Throwing       | |  0.7
Armour         | |  2.6
Dodging        | |  0.7
Stealth        | |  0.7
Shields        | |  2.6
Unarmed Combat | |  0.7
Conjurations   | |  0.5
Hexes          | |  0.5
Summonings     | |  0.5
Necromancy     | |  0.5
Translocations | |  0.5
Fire Magic     | |  0.5
Ice Magic      | |  0.5
Earth Magic    | |  0.5
Alchemy        | |  0.5
Invocations    | |  0.9
Evocations     | |  2.6
Shapeshifting  | |  0.6

Action                     || total
---------------------------++-------
  Melee: Hand axe          ||    60
         Bite              ||     4
  Throw: Dart              ||     3
    Use: Potion            ||     3
 Armour: Robe              ||    40
  Dodge: Dodged            ||    35
  Block: Buckler           ||    13

Table legend: (Time is in decaauts)
 A = Elapsed time spent in this place.
 B = Non-inter-level travel time spent in this place.
 C = Inter-level travel time spent in this place.
 D = Time resting spent in this place.
 E = Time spent auto-exploring this place.
 F = Levels seen in this place.
 G = Mean time per level.
                   A        B        C        D        E       F      G
               +--------+--------+--------+--------+--------+-----+--------+
         Total |   1184 |   1163 |     21 |      0 |    978 |   2 |  592.0 |
       Dungeon |   1184 |   1163 |     21 |      0 |    978 |   2 |  592.0 |
               +--------+--------+--------+--------+--------+-----+--------+

Top non-repeatable levels by time:
     D:1: 866 daAuts
     D:2: 317 daAuts
